 Dungeon Crawl Stone Soup version 0.19-a0-151-g039907c (webtiles) character file.

1314 Lugonue the Covert (level 8, -2/37 HPs)
             Began as a Spriggan Warper on May 19, 2016.
             Was a Believer of Ashenzari.
             Slain by a wasp zombie (4 damage)
             ... on level 8 of the Dungeon.
             The game lasted 00:51:32 (7535 turns).

Lugonue the Covert (Spriggan Warper)                Turns: 7535, Time: 00:51:33

Health: -2/37      AC:  4    Str:  9    XL:     8   Next: 32%
Magic:  18/18      EV: 21    Int: 17    God:    Ashenzari [**....]
Gold:   396        SH:  0    Dex: 17    Spells: 6 memorised, 8 levels left

rFire  + . .     SeeInvis +     a - +2 short sword (flame)
rCold  . . .     Gourm    .     m - +1 robe (curse)
rNeg   . . .     Faith    .     (shield restricted)
rPois  .         Spirit   .     (helmet restricted)
rElec  .         Dismiss  .     o - +0 cloak
rCorr  .         Reflect  .     (gloves unavailable)
SustAt .         Harm     .     (boots unavailable)
MR     ++...                    (no amulet)
Stlth  ++++++....               (no ring)
                                A - ring of protection from magic (curse)

@: very quick, very resistant to hostile enchantments, very stealthy
A: unfitting armour, see invisible, agile 1, fire resistance 1, herbivore 3,
speed 3, slow metabolism 2, strong 1
a: Curse Item, Scrying, Renounce Religion


You were on level 8 of the Dungeon.
You worshipped Ashenzari.
Ashenzari was pleased with you.
You were not hungry.

You visited 1 branch of the dungeon, and saw 9 of its levels.
You also visited: Sewer.

You collected 396 gold pieces.

Inventory:

Hand Weapons
 a - a +2 short sword of flaming (weapon)
 b - a +0 dagger
 y - a +1 short sword
Missiles
 e - 4 tomahawks of dispersal (quivered)
 s - 2 tomahawks
Armour
 m - a cursed +1 robe (worn)
 o - a +0 cloak (worn)
Jewellery
 g - an uncursed amulet of guardian spirit
 A - a cursed ring of protection from magic (left hand)
Wands
 h - a wand of digging (7/24)
 q - a wand of flame (0/48)
 z - a wand of lightning (4/15)
Scrolls
 d - 4 scrolls of blinking
 i - 2 scrolls of magic mapping
 j - 3 scrolls of remove curse
 t - a scroll of teleportation
Potions
 n - 2 potions of flight
 p - 2 potions of haste
 r - 2 potions of lignification
 u - 2 potions of magic
 B - 2 potions of cure mutation
Books
 c - a book of Spatial Translocations

   Spells                             Type                      Level
   a - Apportation                    Translocation                1
   b - Blink                          Translocation                2
   c - Shroud of Golubria             Charms/Translocation         2
   d - Portal Projectile              Translocation                3
   e - Teleport Other                 Translocation                3
   f - Passage of Golubria            Translocation                4
 v - a Young Poisoner's Handbook

   Spells                             Type                      Level
   a - Sting                          Conjuration/Poison           1
   b - Cure Poison                    Poison                       2
   c - Mephitic Cloud                 Conjuration/Poison/Air       3
   d - Olgreb's Toxic Radiance        Poison                       4
   e - Venom Bolt                     Conjuration/Poison           5
 w - a book of Misfortune

   Spells                             Type                      Level
   a - Confusing Touch                Hexes                        2
   b - Confuse                        Hexes                        3
   c - Gell's Gravitas                Hexes/Translocation          3
   d - Petrify                        Transmutation/Earth          4
   e - Metabolic Englaciation         Hexes/Ice                    5
   f - Yara's Violent Unravelling     Hexes/Transmutation          5
 C - a book of the Tempests

   Spells                             Type                      Level
   a - Static Discharge               Conjuration/Air              3
   b - Lightning Bolt                 Conjuration/Air              5
   c - Fireball                       Conjuration/Fire             5
   d - Tornado                        Air                          9
   e - Shatter                        Earth                        9
Comestibles
 f - 4 bread rations
 k - a slice of pizza
 x - 4 fruits


   Skills:
 - Level 1.5 Fighting
 - Level 2.1 Short Blades
 - Level 1.0 Throwing
 + Level 5.5 Dodging
 - Level 11.3 Stealth
 + Level 6.5 Spellcasting
 + Level 5.8 Translocations
 * Level 2.0 Poison Magic


You had 8 spell levels left.
You knew the following spells:

 Your Spells              Type           Power        Failure   Level  Hunger
a - Apportation           Tloc           ####......   1%          1    None
b - Shroud of Golubria    Chrm/Tloc      ###.......   6%          2    None
c - Teleport Other        Tloc           ####....     4%          3    ##.....
d - Blink                 Tloc           N/A          1%          2    None
e - Sting                 Conj/Pois      #...         10%         1    None
f - Mephitic Cloud        Conj/Pois/Air  #.......     30%         3    ##.....


Dungeon Overview and Level Annotations

Branches:
Dungeon (9/15)             Temple (0/1) D:6            Lair (0/8) D:8
    Orc: D:9-12

Altars:
Ashenzari
Cheibriados
Elyvilon
Fedhas
Gozag
Pakellas
Qazlal
Ru
Trog
Vehumet
Xom
Zin

Shops:
D:8 %

Annotations:
D:3 Stick's ghost, amateur DsFE
D:8 Joseph


Innate Abilities, Weirdness & Mutations

You are tiny and cannot use many weapons and most armour.
You have supernaturally acute eyesight.
You are a herbivore.
You cover ground extremely quickly.
You need consume almost no food.
You are agile. (Dex +2)
Your flesh is heat resistant.
Your muscles are strong. (Str +2)


Message History

The wasp zombie hits you but does no damage.
You hit the wasp zombie. You burn the wasp zombie. The wasp zombie hits you.
* * * LOW HITPOINT WARNING * * *
The wasp zombie closely misses you.
Drink which item? (? for menu, Esc to quit)
You feel better. The wasp zombie hits you.
* * * LOW HITPOINT WARNING * * *
You barely miss the wasp zombie. The wasp zombie misses you.
You closely miss the wasp zombie. The wasp zombie completely misses you.
You hit the wasp zombie. You burn the wasp zombie.
The wasp zombie closely misses you. The wasp zombie misses you.
You hit the wasp zombie but do no damage.
The wasp zombie barely misses you.
You hit the wasp zombie. You burn the wasp zombie.
The wasp zombie completely misses you.
You hit the wasp zombie. You burn the wasp zombie. The wasp zombie hits you!
* * * LOW HITPOINT WARNING * * *
The wasp zombie completely misses you.
You hit the wasp zombie. You burn the wasp zombie. The wasp zombie hits you.
You die...

* , ,,
#...P....♣,
, * ≈ ≈, *
#.#.......
, , , ,
#.###....♣
, , ,, #.#
*.... , ,,
, * #.# YP
,,, #.# **#
* #.# , * ,
#Z# , #@# *
* * ,
#........ ,
* * *
*###......
, * ......
, * * * *
##### *


You could see a wasp zombie.

Vanquished Creatures
  Prince Ribbit (D:7)
  An ice beast (D:6)
  3 ogres (D:7)
  A centaur (D:8)
  A giant frog (D:8)
  A howler monkey (D:8)
  A jelly (D:6)
  6 hounds
  A giant frog skeleton (D:8)
  Crazy Yiuf (D:7)
  2 orc wizards (D:7)
  A killer bee zombie (D:7)
  A hound zombie (D:7)
  A worker ant zombie (D:7)
  8 adders
  3 gnolls (D:6)
  5 river rats
  An adder zombie (D:8)
  2 adder skeletons
  3 worms
  3 giant geckos
  8 orcs
  8 ball pythons
  9 bats
  A bat skeleton (D:2)
  5 giant cockroaches
  8 goblins
  9 hobgoblins
  9 jackals
  6 kobolds
  3 quokkas
  10 giant newts
  2 jackal skeletons
  16 rats
141 creatures vanquished.

Notes
Turn   | Place    | Note
--------------------------------------------------------------
     0 | D:1      | Lugonue the Spriggan Warper began the quest for the Orb.
     0 | D:1      | Reached XP level 1. HP: 10/10 MP: 5/5
   110 | D:1      | Reached skill level 1 in Stealth
   151 | D:1      | Reached skill level 2 in Stealth
   200 | D:1      | Reached XP level 2. HP: 14/14 MP: 6/6
   208 | D:1      | Learned a level 2 spell: Shroud of Golubria
   250 | D:1      | Reached skill level 3 in Stealth
   454 | D:1      | Reached skill level 4 in Stealth
   607 | D:2      | Reached XP level 3. HP: 10/18 MP: 5/8
   636 | D:2      | Found a shimmering altar of Xom.
   638 | D:2      | Found a snail-covered altar of Cheibriados.
   684 | D:2      | Found a stormy altar of Qazlal.
   684 | D:2      | Found an oddly glowing altar of Pakellas.
   917 | D:2      | Reached skill level 5 in Stealth
  1015 | D:2      | Found a shattered altar of Ashenzari.
  1049 | D:2      | Became a worshipper of Ashenzari the Shackled
  1126 | D:2      | Learned a level 3 spell: Teleport Other
  1143 | D:2      | Reached XP level 4. HP: 19/22 MP: 7/9
  1192 | D:2      | Found a sacrificial altar of Ru.
  1237 | D:2      | Reached skill level 6 in Stealth
  1427 | D:3      | Found a faded altar to an unknown god.
  1628 | D:3      | Noticed Stick's ghost (amateur DsFE)
  1859 | D:4      | Found a glowing drain.
  1894 | D:4      | Reached skill level 7 in Stealth
  1986 | Sewer    | Entered a sewer
  2099 | Sewer    | Reached XP level 5. HP: 13/25 MP: 8/10
  2480 | Sewer    | Reached skill level 8 in Stealth
  2775 | D:5      | Entered Level 5 of the Dungeon
  2789 | D:5      | Learned a level 2 spell: Blink
  2791 | D:5      | Learned a level 1 spell: Sting
  2837 | D:5      | Found a blossoming altar of Fedhas.
  2951 | D:5      | Reached * piety under Ashenzari
  3009 | D:5      | Noticed a phantom
  3037 | D:5      | Found a bloodstained altar of Trog.
  3125 | D:5      | Noticed a water moccasin
  3411 | D:5      | Gained mutation: Your flesh is heat resistant. [potion of mutation]
  3411 | D:5      | Gained mutation: You are agile. (Dex +2) [potion of mutation]
  3411 | D:5      | Gained mutation: Your muscles are strong. (Str +2) [potion of mutation]
  3437 | D:5      | Found a glowing silver altar of Zin.
  3437 | D:5      | Found an opulent altar of Gozag.
  3545 | D:5      | Noticed an ice beast
  3936 | D:6      | Noticed an ice beast
  3963 | D:6      | Reached skill level 9 in Stealth
  4595 | D:7      | Noticed a water moccasin
  4598 | D:7      | Noticed a slave
  4602 | D:7      | Noticed Prince Ribbit
  4622 | D:6      | Killed an ice beast
  4622 | D:6      | Reached XP level 6. HP: 30/30 MP: 8/11
  4690 | D:6      | Found a staircase to the Ecumenical Temple.
  5008 | D:7      | Reached skill level 10 in Stealth
  5132 | D:7      | Noticed Crazy Yiuf
  5141 | D:7      | Killed Crazy Yiuf
  5218 | D:7      | Noticed a hungry ghost
  5782 | D:8      | Reached ** piety under Ashenzari
  5792 | D:8      | Reached skill level 11 in Stealth
  5792 | D:8      | Reached XP level 7. HP: 33/33 MP: 6/12
  5863 | D:8      | Found a radiant altar of Vehumet.
  5887 | D:8      | Noticed Joseph
  5922 | D:9      | Found a white marble altar of Elyvilon.
  5930 | D:9      | Learned a level 3 spell: Mephitic Cloud
  6053 | D:8      | Found a staircase to the Lair.
  6199 | D:7      | Reached skill level 5 in Spellcasting
  6199 | D:7      | Reached skill level 5 in Translocations
  7023 | D:7      | Reached skill level 1 in Poison Magic
  7023 | D:7      | Reached XP level 8. HP: 27/37 MP: 8/17
  7041 | D:7      | Reached skill level 5 in Dodging
  7060 | D:7      | Killed Prince Ribbit
  7429 | D:8      | Found Oveolata's Food Shop.
  7535 | D:8      | Slain by a wasp zombie

Vault maps used:
D:1:      scummos_arrival_simple_crosswalls
D:2:      nicolae_ru_awakened_eye, ashenzari_conservatory_becter,
          nicolae_overflow_hidden_temple, first_bread, serial_undead,
          serial_undead_e, serial_undead_a, serial_undead_f, serial_undead_b
D:3:      okawaru_gym_becter, ecumenical_altar_1, uniq_natasha
D:4:      portal_sewer_entry_a
D:5:      grunt_temple_overflow_gold_and_silver, nicolae_overflow_crystal_walls,
          kennysheep_mini_moat
D:6:      temple_hall
D:7:      grunt_ogre_cave, uniq_prince_ribbit1, uniq_pikel,
          uniq_crazy_yiuf_cottage
D:8:      vehumet_crystals, minmay_lair_entry_grove, serial_shops,
          nicolae_shop_stone, grunt_potential, uniq_joseph
D:9:      tso_altar, hex_medium, elyvilon_altar_4
Sewer:    sewer_co_cracked_pipes

Skill      XL: |  1  2  3  4  5  6  7  8 |
---------------+-------------------------+-----
Stealth        | 2 4 5 7 9 11 | 11.3
Spellcasting   | 3 5 6 |  6.5
Dodging        | 4 5 |  5.5
Translocations | 5 |  5.8
Poison Magic   | 1 2 |  2.0
Fighting       | |  1.5
Short Blades   | |  2.1
Throwing       | |  1.0

Action                   |  1- 3 |  4- 6 |  7- 9 || total
-------------------------+-------+-------+-------++-------
Melee: Short sword       |   147 |   269 |   108 ||   524
       Dagger            |     2 |     3 |       ||     5
Throw: Throwing net      |       |     1 |       ||     1
       Tomahawk          |       |       |     1 ||     1
 Cast: Apportation       |     6 |    24 |     5 ||    35
       Shroud of Golubri |    12 |    28 |    12 ||    52
       Teleport Other    |       |    12 |     3 ||    15
       Sting             |       |     6 |    27 ||    33
       Mephitic Cloud    |       |       |     9 ||     9
       Blink             |       |       |     1 ||     1
Invok: Curse Item        |     1 |     1 |       ||     2
Evoke: Wand              |       |     7 |       ||     7
  Use: Scroll            |       |    24 |       ||    24
       Potion            |       |    10 |     3 ||    13
 Stab: Sleeping          |     8 |    26 |     3 ||    37
       Confused          |       |       |     4 ||     4
       Distracted        |       |       |     2 ||     2
  Eat: Bread ration      |       |     2 |       ||     2
Armor: Robe              |    10 |    18 |    11 ||    39
Dodge: Dodged            |   120 |   213 |    93 ||   426
